 Dungeon Crawl Stone Soup version 0.30-a0-439-g9e77e4d916 (webtiles) character file.

Game seed: 12121875323301246029

3196 Inus the Convoker (level 9, -1/30 HPs)
             Began as a Felid Summoner on Dec 11, 2022.
             Was an Elder of Hepliaklqana.
             Shot with a bolt by an orc warrior (23 damage)
             ... in a bailey.
             The game lasted 00:45:45 (12516 turns).

Inus the Convoker (Felid Summoner)                 Turns: 12516, Time: 00:45:46

Health: -1/30      AC:  2    Str:  7    XL:     9   Next: 64%
Magic:  17/17      EV: 19    Int: 21    God:    Hepliaklqana [****..]
Gold:   440        SH:  0    Dex: 16    Spells: 9/18 levels left
                                        Lives:  0   Deaths: 3

rFire   . . .      SeeInvis +    (weapon unavailable)
rCold   . . .      Faith    .    (shield unavailable)
rNeg    . . .      Spirit   .    (body armour unavailable)
rPois   .          Reflect  .    (helmet unavailable)
rElec   .          Harm     .    (cloak unavailable)
rCorr   .          Rampage  .    (gloves unavailable)
Will    +++..      Clarity  +    (boots unavailable)
Stlth   +++.......               q - amulet of magic regeneration
HPRegen 0.25/turn                i - ring of willpower
MPRegen 0.55/turn                r - ring of willpower

@: quick
A: reduced essence, very small, claws 1, fangs 3, see invisible, speed 1, shaggy
fur 2, stealthy paws, no weapons or thrown items, no armour, multi-lived,
clarity, clever 1
a: Renounce Religion, Recall Ancestor, Ancestor Identity, Transference, Idealise


You were in a bailey.
You worshipped Hepliaklqana.
Hepliaklqana was greatly pleased with you.
You visited 2 branches of the dungeon, and saw 11 of its levels.
You also visited: Bailey.

You collected 440 gold pieces.

Inventory:

Jewellery
 g - a ring of resist corrosion
 i - a ring of willpower (left paw)
 q - an amulet of magic regeneration (around neck)
 r - a ring of willpower (right paw)
Wands
 b - a wand of charming (10)
 m - a wand of flame (3)
 o - a wand of acid (3)
Scrolls
 c - 3 scrolls of blinking
 f - a scroll of poison
 j - 3 scrolls of amnesia
 l - 3 scrolls of teleportation
 n - 2 scrolls of butterflies
 t - a scroll of identify
Potions
 a - 4 potions of magic
 d - a potion of flight
 e - 2 potions of mutation
 h - a potion of resistance
 k - a potion of might
 p - a potion of brilliance


   Skills:
 - Level 4.4 Dodging
 - Level 4.7 Stealth
 - Level 0.2 Unarmed Combat
 + Level 5.2 Spellcasting
 - Level 5.5 Hexes
 - Level 15.0 Summonings


You had 9 spell levels left.
You knew the following spells:

 Your Spells              Type           Power      Damage    Failure   Level
a - Summon Small Mammal   Summ           100%       N/A       1%          1
b - Call Imp              Summ           62%        N/A       1%          2
c - Call Canine Familiar  Summ           62%        N/A       1%          3
d - Summon Guardian Gole  Hex/Summ       48%        N/A       1%          3

Your spell library contained the following spells:

 Spells                   Type           Power      Damage    Failure   Level
 Tukima's Dance           Hex            28%        N/A       3%          3
 Summon Lightning Spire   Summ/Air       37%        N/A       4%          4
 Freeze                   Ice            20%        1d4       11%         1
 Magic Dart               Conj           20%        1d4       11%         1
 Frozen Ramparts          Ice            10%        1d2       32%         3
 Hailstorm                Conj/Ice       5%         3d4       32%         3
 Mephitic Cloud           Conj/Pois/Air  5%         N/A       32%         3
 Blade Hands              Tmut           2%         N/A       96%         5
 Portal Projectile        Hex/Tloc       Unusable   N/A       N/A         3

Dungeon Overview and Level Annotations

Branches:
Dungeon (10/15)            Temple (1/1) D:4             Orc (0/2) D:9
 Bailey (1/1)
   Lair: D:8-11

Altars:
Dithmenos
Elyvilon
Fedhas
Gozag
Hepliaklqana
Makhleb
Nemelex Xobeh
Ru
Sif Muna
Uskayaw
Wu Jian
Xom
Zin
The Shining One
Lugonu

Portals:
Abyss: D:9

Annotations:
D:4 3 runed translucent doors, drewk1942's ghost, amateur MiFi


Innate Abilities, Weirdness & Mutations

Your life essence is reduced to manifest your ancestor. (-10% HP)
You have sharp claws.
You have razor-sharp teeth.
You have supernaturally acute eyesight. (SInv)
You cover ground quickly. (Speed+)
You are covered in thick fur. (AC +2)
Your paws help you pounce on unaware monsters.
You are incapable of wielding weapons or throwing items.
You cannot wear armour.
You gain extra lives every three experience levels.
You possess an exceptional clarity of mind.
Your mind is acute. (Int +4, Str/Dex -1)


Message History

Your warg closely misses the orc.
The orc wields a +0 arbalest.
The orc shoots a bolt.
The bolt closely misses your warg. The bolt hits your shadow imp!
Your shadow imp dies!
Your shadow imp disappears in a puff of smoke!
The orc warrior shoots a bolt.
The bolt misses your warg. The bolt closely misses you.
Your warg barely misses the orc warrior.
The orc warrior shoots a bolt.
The bolt hits your warg!
The orc shoots a bolt.
The bolt hits your warg!
Your warg bites the orc warrior!
Something closely misses your warg.
The orc shoots a bolt.
The bolt hits your warg!
Your warg dies!
Your warg's corpse disappears in a puff of smoke!
You feel less invigorated.
You feel less confused.
An orc warrior comes into view. It is wielding a +0 arbalest.
Casting: Call Imp (safe; 1% risk of failure)
Confirm with . or Enter, or press ? or * to list all spells.
The orc unwields a +0 arbalest.
The orc hits Cat but does no damage.
Cat hits the orc with a +0 flail!
The orc dies!
The orc warrior shoots a bolt.
The bolt misses you.
The orc warrior wields a +0 arbalest.
The orc warrior shoots a bolt.
The bolt hits you.
The orc warrior unwields a +0 arbalest.
The orc warrior hits Cat.
Cat closely misses the orc warrior.
The orc warrior shoots a bolt.
Cat blocks the bolt.
The orc warrior wields a +0 arbalest.
The orc warrior shoots a bolt.
Cat blocks the bolt.
Cat hits the orc warrior with a +0 flail!
The orc warrior shoots a bolt.
The bolt barely misses Cat.
The bolt hits your warg!
The orc warrior shoots a bolt.
Cat blocks the bolt.
Cat hits the orc warrior with a +0 flail.
The orc warrior shoots a bolt.
The bolt barely misses Cat.
The bolt hits your warg!
The orc warrior shoots a bolt.
The bolt barely misses Cat.
The bolt hits you!!
Ouch! That really hurt!
You die...

~~~~≈≈≈~≈≈
#≈~~~~#######~~~~≈##)#≈
o#≈~~~~~~~~~~~~~~~≈#∩)##
oR~~~~~~~~~~~~~~~~~....#
##≈~~~~~~~~~~~~~~~≈##.##
#≈≈~~~~~~~~~~~~~~~≈≈###≈
≈≈~~h~~~~~~~~~~~~~~≈≈≈≈≈
........................
.......@................
........................
........................
########################


You could see the friendly Cat the knight, 2 orc warriors and a friendly warg
(summoned).

Vanquished Creatures
  A necrophage (D:6)
  2 killer bees (D:9)
  A hound (D:6)
  An orc priest (D:3)
  An orc wizard (D:7)
  A gnoll (D:6)
  3 adders
  An ufetubus (D:5)
  2 orcs
  A ball python (D:3)
  3 endoplasms
  3 giant cockroaches
  2 goblins (D:1)
  5 hobgoblins
  A jackal (D:2)
  9 kobolds
  4 bats
  3 frilled lizards
  2 rats
46 creatures vanquished.

Vanquished Creatures (collateral kills)
  Harold (D:9)
  Erica (D:8)
  A cyclops (D:6)
  Sigmund (D:2)
  A wraith (D:9)
  8 yaks
  A steam dragon (D:8)
  Menkaure (D:7)
  3 water moccasins
  2 ice beasts
  4 orc warriors
  A sky beast (D:6)
  3 ogres
  A centaur (D:8)
  3 kobold brigands
  A bullfrog (D:9)
  A necrophage (D:6)
  2 gnoll sergeants
  4 scorpions
  4 wights (D:7)
  A killer bee (D:9)
  A howler monkey (D:4)
  8 orc priests
  A hound (D:6)
  A jelly (D:7)
  Crazy Yiuf (D:5)
  A gnoll bouda (D:7)
  An iguana (D:4)
  6 orc wizards
  14 gnolls
  9 adders
  A worm (D:3)
  3 dart slugs
  45 orcs
  5 ball pythons
  3 endoplasms (D:2)
  A giant cockroach (D:2)
  4 goblins
  3 hobgoblins
  2 jackals (D:2)
  3 quokkas
  4 bats (D:2)
  A frilled lizard (D:1)
  15 kobolds
  3 rats
  A lurking horror (D:9)
182 creatures vanquished.

Vanquished Creatures (others)
  A yak (D:8)
  Blork the orc (D:4)
  2 killer bees (D:9)
  A knight (D:8)
  4 gnolls
  An ancestor (D:5)
  An orc (D:8)
  7 plants (D:4)
18 creatures vanquished.

Grand Total: 246 creatures vanquished

Notes
Turn   | Place    | Note
-------+----------+-------------------------------------------
     0 | D:1      | Inus the Felid Summoner began the quest for the Orb.
     0 | D:1      | Reached XP level 1. HP: 7/7 MP: 4/4
   485 | D:1      | Reached XP level 2. HP: 11/11 MP: 1/6
   811 | D:1      | Learned a level 2 spell: Call Imp
  1169 | D:1      | Gained mutation: You possess an exceptional clarity of
                  | mind. [potion of mutation]
  1169 | D:1      | Gained mutation: Your mind is acute. (Int +4, Str/Dex -1)
                  | [potion of mutation]
  1369 | D:2      | Reached XP level 3. HP: 13/14 MP: 2/7
  1443 | D:2      | Noticed Sigmund
  1595 | D:2      | Identified the +0 chain mail "Curihul" {rPois Will+ Str+3
                  | Dex+2}
  1906 | D:2      | Learned a level 3 spell: Call Canine Familiar
  1998 | D:2      | Reached XP level 4. HP: 18/18 MP: 9/9
  2420 | D:2      | Killed Sigmund
  2421 | D:2      | Reached skill level 5 in Summonings
  2421 | D:2      | Reached XP level 5. HP: 21/21 MP: 3/11
  2528 | D:2      | Learned a level 3 spell: Summon Guardian Golem
  2646 | D:3      | Gained mutation: You are covered in thick fur. (AC +2)
                  | [Felid growth]
  2646 | D:3      | Reached XP level 6. HP: 23/24 MP: 8/12
  3772 | D:4      | Found a staircase to the Ecumenical Temple.
  3803 | Temple   | Entered the Ecumenical Temple
  3808 | Temple   | Became a worshipper of Hepliaklqana the Forgotten
  3931 | D:4      | Found a glowing silver altar of Zin.
  4266 | D:4      | Found a runed translucent gate.
  4267 | D:4      | Found a runed translucent gate.
  4267 | D:4      | Found a runed translucent gate.
  4268 | D:4      | Found an opulent altar of Gozag.
  4269 | D:4      | Noticed drewk1942's ghost (amateur MiFi)
  4411 | D:4      | Reached skill level 6 in Summonings
  4607 | D:4      | Reached XP level 7. HP: 27/27 MP: 8/14
  4871 | D:4      | Found a white marble altar of Elyvilon.
  5251 | D:4      | Noticed Blork the orc
  5374 | D:4      | Killed Blork the orc
  5375 | D:4      | Reached skill level 7 in Summonings
  5387 | D:4      | Found a shimmering blue altar of Sif Muna.
  5611 | D:5      | Entered Level 5 of the Dungeon
  5992 | D:5      | Reached skill level 8 in Summonings
  6068 | D:5      | Identified the +1 leather armour of the Accordion {rElec
                  | rF+}
  6113 | D:5      | Reached * piety under Hepliaklqana
  6235 | D:5      | Found a runed translucent door.
  6236 | D:5      | Noticed Crazy Yiuf
  6262 | D:5      | Killed Crazy Yiuf
  6444 | D:5      | Identified the +1 robe "Piymemegg" {*Corrode rF- Regen+
                  | SInv}
  6501 | D:6      | Reached XP level 8. HP: 27/27 MP: 12/15
  7053 | D:6      | Reached skill level 9 in Summonings
  7131 | D:6      | Slain by a sky beast
  7132 | D:6      | Reached XP level 7. HP: 0/24 MP: 8/14
  7310 | D:6      | Reached skill level 10 in Summonings
  7543 | D:6      | Noticed a cyclops
  7642 | D:6      | Reached XP level 8. HP: 27/27 MP: 15/15
  8216 | D:6      | HP: 1/27 [cyclops (26)]
  8221 | D:6      | Killed a cyclops
  8222 | D:6      | Reached skill level 11 in Summonings
  8658 | D:7      | Noticed Menkaure
  8746 | D:7      | Killed Menkaure
  8873 | D:7      | Reached skill level 12 in Summonings
  8873 | D:7      | Reached XP level 9. HP: 30/30 MP: 11/16
  8975 | D:7      | Reached ** piety under Hepliaklqana
  8976 | D:7      | Remembered your ancestor Cat as a knight
  9509 | D:7      | Identified a scroll of acquirement
  9509 | D:7      | Acquired an amulet of magic regeneration
  9662 | D:8      | Found a sparkling altar of Nemelex Xobeh.
  9735 | D:8      | Noticed Erica
  9737 | D:8      | Engulfed by a steam dragon's steam
  9738 | D:8      | Reached XP level 8. HP: 0/27 MP: 15/15
  9813 | D:8      | Reached skill level 13 in Summonings
  9948 | D:8      | Reached *** piety under Hepliaklqana
  9964 | D:8      | Killed Erica
  9965 | D:8      | Reached skill level 14 in Summonings
  9965 | D:8      | Reached XP level 9. HP: 30/30 MP: 14/16
 10530 | D:9      | Found a corrupted altar of Lugonu.
 10530 | D:9      | Found a one-way gate to the infinite horrors of the Abyss.
 11045 | D:9      | Found a staircase to the Orcish Mines.
 11046 | D:9      | Noticed Harold
 11160 | D:9      | Killed Harold
 11285 | D:9      | Reached skill level 15 in Summonings
 11382 | D:9      | Reached XP level 10. HP: 24/33 MP: 13/17
 11386 | D:9      | Reached skill level 1 in Hexes
 11434 | D:9      | Killed from afar by an electric eel
 11435 | D:9      | Reached XP level 9. HP: -1/30 MP: 16/16
 11903 | D:10     | Entered Level 10 of the Dungeon
 11963 | D:10     | Reached **** piety under Hepliaklqana
 11983 | D:10     | Found a shadowy altar of Dithmenos.
 12025 | D:10     | Reached skill level 5 in Hexes
 12127 | D:10     | Found an opulent altar of Gozag.
 12142 | D:10     | Found a flagged portal.
 12166 | D:10     | Identified the +2 spear of Xosen {vorpal, rPois Dex+4
                  | Stlth+}
 12169 | Bailey   | Entered a bailey
 12189 | Bailey   | Reached skill level 5 in Spellcasting
 12516 | Bailey   | Shot with a bolt by an orc warrior

Illustrated notes

Levels and vault maps discovered:
D:1:      dpeg_arrival_rooms_b, layout_basic, serial_aquarium,
          aquarium_bridge_straight [aquarium_subvault_bridge,
          aquarium_subvault_wall, aquarium_subvault_bridge,
          aquarium_subvault_balcony], aquarium_bridge_island_small
          [aquarium_subvault_small_water, aquarium_subvault_bridge,
          aquarium_subvault_wall, aquarium_subvault_wall,
          aquarium_subvault_wall], aquarium_window_corridor_3,
          aquarium_window_1, aquarium_window_corner, aquarium_view_2b,
          aquarium_view_2d, aquarium_balcony_3b, aquarium_pool_split
D:2:      wander_river, layout_basic, kennysheep_another_room,
          minmay_misc_feat_four_crosses, grunt_ministairs_10, uniq_sigmund
D:3:      kennysheep_six_static_rooms, layout_basic
D:4:      layout_loops_ring, nicolae_elyvilon_temple_path, zin_statuary,
          tgw_sif, minmay_temple_entry_large_hall, ebering_ghost_gozag
D:5:      layout_gridville, uniq_crazy_yiuf_cottage
D:6:      layout_basic, minmay_manual_moon
D:7:      layout_loops_ring, kennysheep_doodads, uniq_menkaure
D:8:      layout_loops_corners, nemelex_xobeh_ov_fountains_minmay, uniq_erica
D:9:      layout_irregular_city, orc_0_dummy, kennysheep_donut,
          amcnicky_altar_lugonu_corruption, uniq_harold
D:10:     layout_loops_ring, mainiacjoe_overflow_boulevard,
          nicolae_dithmenos_shadow_blocks, enter_bailey_2
Temple:   nicolae_temple_bog_church
Bailey:   bailey_polearm_2, bailey

Skill      XL: |  1  2  3  4  5  6  7  8  9 10 |
---------------+-------------------------------+-----
Stealth        | 3 4 |  4.7
Dodging        | 3 4 |  4.4
Spellcasting   | 3 4 5 |  5.2
Summonings     | 5 6 10 14 15 | 15.0
Hexes          | 5 1 |  5.5
Unarmed Combat | |  0.2

Action                   |  1- 3 |  4- 6 |  7- 9 | 10-12 || total
-------------------------+-------+-------+-------+-------++-------
Melee: Unarmed           |    56 |    77 |   102 |       ||   235
       Bite              |     2 |     4 |    20 |       ||    26
       Punch             |       |     1 |     2 |       ||     3
 Cast: Summon Small Mamm |    37 |    11 |    26 |       ||    74
       Call Imp          |     8 |    12 |    43 |       ||    63
       Call Canine Famil |     1 |    15 |    45 |     1 ||    62
       Summon Guardian G |       |     1 |    11 |       ||    12
Invok: Ancestor Identity |       |       |     1 |       ||     1
       Recall Ancestor   |       |       |     1 |       ||     1
       Ancestor Life: Kn |       |       |     1 |       ||     1
Evoke: Wand              |       |       |     4 |       ||     4
  Use: Potion            |     5 |       |     8 |       ||    13
       Scroll            |     3 |     8 |     5 |       ||    16
 Stab: Sleeping          |     5 |     7 |       |       ||    12
       Distracted        |     1 |     1 |     2 |       ||     4
Armor: Skin              |     8 |     3 |     9 |       ||    20
Dodge: Dodged            |    63 |    54 |   126 |       ||   243

Table legend: (Time is in decaauts)
 A = Elapsed time spent in this place.
 B = Non-inter-level travel time spent in this place.
 C = Inter-level travel time spent in this place.
 D = Time resting spent in this place.
 E = Time spent auto-exploring this place.
 F = Levels seen in this place.
 G = Mean time per level.
                   A        B        C        D        E       F      G
               +--------+--------+--------+--------+--------+-----+--------+
         Total |  10985 |  10506 |    479 |   2179 |   5652 |  12 |  915.4 |
       Dungeon |  10636 |  10157 |    479 |   2000 |   5652 |  10 | 1063.6 |
        Temple |     13 |     13 |      0 |      0 |      0 |   1 |   13.0 |
        Bailey |    335 |    335 |      0 |    179 |      0 |   1 |  335.0 |
               +--------+--------+--------+--------+--------+-----+--------+

Top non-repeatable levels by time:
     D:6: 1788 daAuts
     D:4: 1444 daAuts
     D:3: 1242 daAuts
     D:9: 1228 daAuts
     D:2: 1173 daAuts
     D:1: 1030 daAuts
     D:5: 835 daAuts
     D:7: 833 daAuts
     D:8: 823 daAuts
  Bailey: 335 daAuts
    D:10: 235 daAuts
  Temple: 13 daAuts
